 Dungeon Crawl Stone Soup version 0.18.1-6-gd335043 (webtiles) character file.

216 oplop the Sneak (level 5, -1/21 HPs)
             Began as a Felid Enchanter on May 17, 2016.
             Slain by a gnoll
             ... wielding a +0 whip
              (9 damage)
             ... on level 5 of the Dungeon.
             The game lasted 00:09:42 (3659 turns).

oplop the Sneak (Felid Enchanter)                   Turns: 3659, Time: 00:09:43

Health: -1/21      AC:  1    Str:  4    XL:     5   Next: 61%
Magic:  8/19       EV: 19    Int: 16    God:
Gold:   133        SH:  0    Dex: 18    Spells: 4 memorised, 0 levels left
                                        Lives:  0   Deaths: 1

rFire  . . .     SeeInvis +       - Unarmed
rCold  . . .     Gourm    .     (armour unavailable)
rNeg   . . .     Faith    .     (shield unavailable)
rPois  .         Spirit   .     (helmet unavailable)
rElec  .         Dismiss  .     (cloak unavailable)
rCorr  .         Reflect  .     (gloves unavailable)
SustAt .         Harm     .     (boots unavailable)
MR     .....                    (no amulet)
Stlth  +++.......               p - ring of loudness (curse)
                                i - ring of magical power

@: quick, not resistant to hostile enchantments, fairly stealthy
A: no armour, no weapons or thrown items, claws 1, fangs 3, see invisible,
carnivore 3, speed 1, shaggy fur 1, slow metabolism 1, sharp paws
a: no special abilities


You were on level 5 of the Dungeon.
You were completely stuffed.

You visited 1 branch of the dungeon, and saw 5 of its levels.

You collected 133 gold pieces.

Inventory:

Jewellery
 d - an uncursed ring of teleportation
 g - an uncursed ring of protection from fire
 i - a ring of magical power (left paw)
 p - a cursed ring of loudness (right paw)
Wands
 n - a wand of acid (12/15)
Scrolls
 c - a scroll of enchant weapon {unknown}
 h - a scroll of fog
 j - 2 scrolls of identify
 l - a scroll of amnesia {unknown}
Potions
 e - 2 potions of heal wounds
 f - 2 potions of brilliance
 k - 2 potions of degeneration
 m - 3 potions of mutation {unknown}
Books
 a - a book of Maledictions

   Spells                             Type                      Level
   a - Corona                         Hexes                        1
   b - Ensorcelled Hibernation        Hexes/Ice                    2
   c - Confuse                        Hexes                        3
   d - Tukima's Dance                 Hexes                        3
   e - Dazzling Spray                 Conjuration/Hexes            3
Comestibles
 b - 3 meat rations
 o - 8 chunks of flesh


   Skills:
 + Level 4.0 Dodging
 + Level 6.1 Stealth
 + Level 2.7 Unarmed Combat
 + Level 2.7 Spellcasting
 + Level 6.1 Hexes


You couldn't memorise any spells.
You knew the following spells:

 Your Spells              Type           Power        Failure   Level  Hunger
a - Corona                Hex            ###....      1%          1    #......
b - Ensorcelled Hibernat  Hex/Ice        ##....       10%         2    ##.....
c - Confuse               Hex            ###.....     6%          3    ###....
d - Tukima's Dance        Hex            ###.....     6%          3    ###....


Dungeon Overview and Level Annotations

Branches:
Dungeon (5/15)
 Temple: D:4-7

Altars:
Ashenzari
Elyvilon
Fedhas
Qazlal
Sif Muna
Zin

Annotations:
D:3 Thrillho's ghost, amateur MiBe
D:4 exclusions: orc and orc priest


Innate Abilities, Weirdness & Mutations

You cannot wear armour.
You are incapable of wielding weapons or throwing items.
You have sharp claws.
You have razor-sharp teeth.
You have supernaturally acute eyesight.
You are carnivorous and can eat meat at any time.
You cover ground quickly.
You are covered in fur (AC +1).
You have a slow metabolism.
Your sharp claws are effective at attacking unaware monsters.


Message History

Confirm with . or Enter, or press ? or * to list all spells.
Aiming: Ensorcelled Hibernation
Press: ? - help, Shift-Dir - straight line, f - gnoll, p - gnoll shaman
Aim: a gnoll, wielding a whip (heavily wounded, chance to defeat MR: 51%)
The gnoll resists with some effort.
The gnoll barely misses you.
You scratch the gnoll shaman.
You bite the gnoll shaman, but do no damage.
The gnoll shaman is moderately wounded.
The gnoll barely misses you.
You scratch the gnoll shaman but do no damage.
The gnoll shaman is moderately wounded.
The gnoll completely misses you.
You barely miss the gnoll shaman.
The gnoll shaman is moderately wounded.
The gnoll misses you. The gnoll hits you with a whip!
The gnoll shaman completely misses you.
You barely miss the gnoll shaman. You claw the gnoll shaman.
The gnoll shaman is heavily wounded.
The gnoll hits you with a whip!
You die...

#######.....#...##...#.....
#...........#........#####'
#...........#.........#....
#...........#.........#....
#......)....######....#....
#......######...##....#....
#......'........##g..#####.
#......#...g....##...##.###
#......#..@................
#......#..g##...##.........
#......#...##...##.........
#......#.....>.............
#......#...................
#......#...................
#...##...##...##+###
#+######+##...##.### +...
#...##........#


You could see a gnoll shaman (confused) and a gnoll.

Vanquished Creatures
  A crimson imp (D:5)
  2 giant frog skeletons
  A worker ant (D:5)
  5 gnolls
  5 adders
  An ooze (D:4)
  An adder zombie (D:2)
  An adder skeleton (D:4)
  2 dart slugs (D:1)
  2 orcs
  2 bat skeletons (D:2)
  A bat zombie (D:2)
  4 giant cockroaches
  5 goblins
  7 hobgoblins
  3 jackals (D:5)
  6 kobolds
  A ball python (D:3)
  A ball python skeleton (D:2)
  A ball python zombie (D:2)
  5 bats
  2 giant gecko skeletons
  4 giant newts
  2 jackal skeletons
  A quokka skeleton (D:2)
  A rat (D:2)
67 creatures vanquished.

Notes
Turn   | Place    | Note
--------------------------------------------------------------
     0 | D:1      | oplop the Felid Enchanter began the quest for the Orb.
     0 | D:1      | Reached XP level 1. HP: 7/7 MP: 4/4
   135 | D:1      | Reached XP level 2. HP: 11/11 MP: 6/6
   739 | D:2      | Learned a level 2 spell: Ensorcelled Hibernation
   753 | D:2      | Found a glowing silver altar of Zin.
   888 | D:2      | Reached skill level 5 in Stealth
   888 | D:2      | Reached XP level 3. HP: 13/14 MP: 2/7
  1032 | D:2      | Reached skill level 5 in Hexes
  1262 | D:2      | Learned a level 3 spell: Confuse
  1372 | D:2      | Found a blossoming altar of Fedhas.
  2028 | D:3      | Reached XP level 4. HP: 16/18 MP: 8/8
  2145 | D:3      | Found a deep blue altar of Sif Muna.
  2264 | D:3      | Found a white marble altar of Elyvilon.
  2264 | D:3      | Found a stormy altar of Qazlal.
  2504 | D:3      | Noticed Thrillho's ghost (amateur MiBe)
  2508 | D:3      | Slain by Thrillho's ghost
  2509 | D:3      | Reached XP level 3. HP: 0/14 MP: 2/7
  2565 | D:4      | Noticed a phantom
  2781 | D:4      | Reached XP level 4. HP: 18/18 MP: 0/8
  3154 | D:5      | Entered Level 5 of the Dungeon
  3294 | D:5      | Reached XP level 5. HP: 17/21 MP: 9/9
  3311 | D:5      | Learned a level 3 spell: Tukima's Dance
  3456 | D:5      | Found a shattered altar of Ashenzari.
  3659 | D:5      | Slain by a gnoll

Skill      XL: |  1  2  3  4  5 |
---------------+----------------+-----
Stealth        | 5 6 |  6.1
Hexes          | 5 6 |  6.1
Dodging        | 3 4 |  4.0
Unarmed Combat | 2 |  2.7
Spellcasting   | |  2.7

Action                   |  1- 3 |  4- 6 || total
-------------------------+-------+-------++-------
Melee: Unarmed           |   108 |    65 ||   173
       Bite              |     7 |     6 ||    13
       Punch             |       |     1 ||     1
 Cast: Corona            |    17 |       ||    17
       Ensorcelled Hiber |    15 |    19 ||    34
       Confuse           |     7 |    14 ||    21
       Tukima's Dance    |       |     2 ||     2
  Use: Scroll            |     4 |     3 ||     7
       Potion            |       |     5 ||     5
 Stab: Sleeping          |    15 |    15 ||    30
       Distracted        |     1 |     1 ||     2
       Confused          |     1 |     3 ||     4
       Invisible         |       |     3 ||     3
  Eat: Chunk             |    15 |     8 ||    23
Armor: Skin              |     7 |     1 ||     8
Dodge: Dodged            |   120 |    57 ||   177
